 Dungeon Crawl Stone Soup version 0.23.2-1-ga50397a6bc (webtiles) character file.

Game seed: 12828939764393772342

25 Mithandil the Ogre Mage (level 3, 31/31 HPs)
             Began as an Ogre Wizard on May 30, 2019.
             Quit the game on level 1 of the Dungeon.
             The game lasted 00:29:28 (1049 turns).

Mithandil the Ogre Mage (Ogre Wizard)               Turns: 1049, Time: 00:29:29

Health: 31/31      AC:  3    Str: 11    XL:     3   Next: 4%
Magic:  6/8        EV: 10    Int: 20    God:
Gold:   31         SH:  0    Dex:  7    Spells: 7/10 levels left

rFire    . . .     SeeInvis .   f - +0 short sword
rCold    . . .     Gourm    .   (no shield)
rNeg     . . .     Faith    .   a - +0 robe
rPois    .         Spirit   .   b - +0 hat
rElec    .         Reflect  .   (no cloak)
rCorr    .         Harm     .   (gloves unavailable)
MR       .....                  (boots unavailable)
Stlth    +.........             (no amulet)
HPRegen  0.10/turn              (no ring)
MPRegen  0.11/turn              (no ring)

@: no status effects
A: large, unfitting armour, tough skin 1
a: no special abilities


You were on level 1 of the Dungeon.
You were not hungry.

You visited 1 branch of the dungeon, and saw 2 of its levels.

You collected 31 gold pieces.

Inventory:

Hand Weapons
 f - a +0 short sword (weapon)
 g - a +0 dagger
Missiles
 e - 16 bolts
Armour
 a - a +0 robe (worn)
 b - a +0 hat (worn)
Potions
 h - a potion of degeneration {unknown}
Comestibles
 c - 4 chunks of flesh
 d - 3 rations


   Skills:
 + Level 0.2 Fighting
 + Level 1.9 Dodging
 + Level 1.5 Stealth
 * Level 4.3 Spellcasting
 * Level 1.1 Conjurations
 * Level 1.1 Summonings
   Level 0.8 Translocations


You had 7 spell levels left.
You knew the following spells:

 Your Spells              Type           Power        Failure   Level  Hunger
a - Magic Dart            Conj           #...         8%          1    None
b - Call Imp              Summ           #.......     12%         2    #......

Your spell library contained the following spells:

 Spells                   Type           Power        Failure   Level  Hunger
 Blink                    Tloc           N/A          13%         2    #......
 Slow                     Hex            #.......     19%         2    #......
 Conjure Flame            Conj/Fire      #.......     28%         3    ###....
 Mephitic Cloud           Conj/Pois/Air  #.......     32%         3    ###....


Dungeon Overview and Level Annotations

Branches:
Dungeon (2/15)

Altars:


Innate Abilities, Weirdness & Mutations

You are too large for most types of armour.
You have tough skin. (AC +1)


Message History

Confirm with . or Enter, or press ? or * to list all spells.
Aiming: Magic Dart (safe; 8% risk of failure)
Press: ? - help, Shift-Dir - straight line, f - frilled lizard
Aim: a frilled lizard The magic dart hits the frilled lizard.
You kill the frilled lizard!
You see here a rat corpse.
You butcher the rat corpse.
c - 3 chunks of flesh (gained 1)
You see here a rat skeleton.
You see here a frilled lizard corpse.
You butcher the frilled lizard corpse.
c - 4 chunks of flesh (gained 1)
You see here a frilled lizard skeleton.
Casting: Magic Dart (safe; 8% risk of failure)
Confirm with . or Enter, or press ? or * to list all spells.
Okay, then.
Welcome back, Mithandil the Ogre Wizard.
Press ? for a list of commands and other information.
Are you sure you want to abandon this character and quit the game? (Confirm with "yes".)

.............# ###.# #.#
####.######### #.# #.##
........# #.# #.## ####.##.#
### #.# #.#. #.##.# ##.## #.#
#..# #.##.#####...#### #.# ###.
#.##.##.........# #.# ##
..#.##.##..[......# #.# #
#.........รท....@..# #.#
#.#.##.##.........#######.#
...##....................######
#. ####.##...##.########......
# #.###.## .########.##### #.#
### ..........# #.. ##########
###


There were no monsters in sight!

Vanquished Creatures
  2 dart slugs (D:1)
  A goblin (D:1)
  2 hobgoblins (D:1)
  A jackal (D:1)
  A kobold (D:1)
  2 bats (D:1)
  A frilled lizard (D:1)
  3 rats
13 creatures vanquished.

Vanquished Creatures (collateral kills)
  An ooze (D:1)
  2 bats
  A hobgoblin (D:1)
  A jackal (D:1)
  A kobold (D:1)
  A frilled lizard (D:2)
7 creatures vanquished.

Grand Total: 20 creatures vanquished

Notes
Turn   | Place    | Note
-------+----------+-------------------------------------------
     0 | D:1      | Mithandil the Ogre Wizard began the quest for the Orb.
     0 | D:1      | Reached XP level 1. HP: 16/16 MP: 5/5
   190 | D:1      | Reached skill level 4 in Spellcasting
   199 | D:1      | Reached XP level 2. HP: 24/24 MP: 0/7
   347 | D:1      | Learned a level 2 spell: Call Imp
   374 | D:1      | Reached skill level 1 in Conjurations
   889 | D:1      | Reached skill level 1 in Summonings
   963 | D:1      | Reached XP level 3. HP: 30/31 MP: 0/8
  1049 | D:1      | Quit the game

Skill      XL: |  1  2 |
---------------+-------+-----
Spellcasting   | 4 |  4.3
Conjurations   | 1 |  1.1
Summonings     | 1 |  1.1
Fighting       | |  0.2
Dodging        | |  1.9
Stealth        | |  1.5
Translocations | |  0.8

Action                   || total
-------------------------++-------
 Cast: Magic Dart        ||    39
       Call Imp          ||    12
Armor: Robe              ||     8
Dodge: Dodged            ||    19
